Cogmind - Beta 9.3 @@@ ROGUE MODE // 2019.12.20 @ 16:24:13 // Winter2019/RPGLIKE Player: Cassie Rose Result: Destroyed by G-47 Trooper with Particle Gun Performance ------------- Evolutions (2) 1000 Regions Visited (3) 600 Robots Destroyed (108) 540 Value Destroyed (2601) 2601 Prototype IDs (2) 40 Alien Tech Used (0) 0 Bonus (227) 227 TOTAL SCORE: 5008 Bonus ------- High Alert Combat Kills 227 Cogmind --------- Core Integrity 0/750 Matter 300/300 Energy 460/460 System Corruption 0% Temperature Cool (9) Movement Flying (40) Location -8/Materials Parts ------- > --- POWER (2) -------- Cooled Ion Engine Cooled Ion Engine > --- PROPULSION (2) --- Cesium-ion Thruster > --- UTILITY (6) ------ Improved Cooling System Structural Scanner Improved Sensor Array Improved Terrain Scanner Terrain Scan Processor Light Armor Plating > --- WEAPON (2) ------- Katana Spear > --- INVENTORY (0) ---- (None) Peak State ------------ > --- POWER ------------ Cooled Ion Engine Cooled Ion Engine > --- PROPULSION ------- Flight Unit Cesium-ion Thruster > --- UTILITY ---------- Improved Cooling System Structural Scanner Improved Sensor Array Improved Terrain Scanner Terrain Scan Processor Medium Armor Plating > --- WEAPON ----------- Katana Spear > --- INVENTORY -------- (None) [Rating: 30] Favorites ----------- Power Cooled Ion Engine Engine Cooled Ion Engine Power Core Light Nuclear Core Propulsion Compact Wheel Wheel Compact Wheel Flight Unit Improved Flight Unit Utility Improved Terrain Scanner Device Improved Terrain Scanner Processor Terrain Scan Processor Protection Medium Armor Plating Weapon Katana Energy Cannon Light EM Pulse Cannon Ballistic Gun Heavy Assault Rifle Slashing Weapon Katana Piercing Weapon Spear Build | -11 -10 -9 -8 ------- Run | Scr Mat Mat Mat Slots Evolved 8 | 3 . 3 2 Power 1 | . . 1 . Propulsion 1 | 1 . . . Utility 5 | 2 . 2 1 Weapon 1 | . . . 1 Parts Attached 37 | 7 2 21 7 Power 6 | 1 . 5 . Engine 5 | 1 . 4 . Core 1 | . . 1 . Reactor . | . . . . Propulsion 8 | 2 . 4 2 Treads . | . . . . Leg . | . . . . Wheel 4 | 2 . 2 . Hover . | . . . . Flight 4 | . . 2 2 Utility 18 | 3 1 10 4 Device 12 | 2 1 6 3 Storage . | . . . . Processor 2 | 1 . 1 . Hackware . | . . . . Protection 4 | . . 3 1 Artifact . | . . . . Weapon 5 | 1 1 2 1 Energy Gun . | . . . . Energy Cannon 1 | . . 1 . Ballistic Gun 2 | 1 1 . . Ballistic Cannon . | . . . . Launcher . | . . . . Special Weapon . | . . . . Impact Weapon . | . . . . Slashing Weapon 1 | . . 1 . Piercing Weapon 1 | . . . 1 Special Melee Weapon . | . . . . Unidentified Prototypes 2 | . . 2 . Parts Lost 3 | . . 2 1 Power . | . . . . Propulsion 2 | . . 1 1 Utility 1 | . . 1 . Weapon . | . . . . Highest Loss Streak 1 | . . 1 1 Average Slot Usage (%) 97 | . 100 98 93 Engine 15 | . 14 15 16 Wheel 16 | . 28 15 3 Flight 5 | . . 6 11 Device 27 | . 28 26 27 Processor 10 | . 14 10 8 Protection 7 | . . 10 8 Ballistic Gun 3 | . 14 . . Slashing Weapon 7 | . . 9 8 Piercing Weapon 1 | . . . 7 Naked Turns . | . . . . Heaviest Build 32 | 7 8 29 32 Greatest Support 46 | 42 42 46 40 Greatest Overweight (x) 1 | . . 1 1 Average Overweight (x) . | . . . . Largest Inventory Capacity . | . . . . Average Capacity . | . . . . Most Carried . | . . . . Average Carried . | . . . . Final Capacity . | . . . . Final Carried . | . . . . Class Distribution -------------------- 49% | Scavenger-Assassin 35% | Mutant 9% | Scavenger-Mutant 6% | Scavenger-Scout Dominant Class ---------------- Mutant | -10/Materials Scavenger-Assassin | -9/Materials Scavenger-Assassin | -8/Materials Resources | -11 -10 -9 -8 ----------- Run | Scr Mat Mat Mat Matter Collected 814 | 303 230 211 70 Remotely 240 | 10 230 . . Salvage Created 3973 | 93 447 2003 1430 Parts 233 | 7 28 129 69 Haulers Intercepted 8 | . 1 5 2 Recyclers Shooed . | . . . . Parts Field Recycled . | . . . . Retrieved Matter . | . . . . Parts Self-Destructed . | . . . . Prevented . | . . . . Kills | -11 -10 -9 -8 ------- Run | Scr Mat Mat Mat Combat Hostiles Destroyed 59 | . 9 27 23 Melee 47 | . . 24 23 Guns 9 | . 9 . . Cannons 2 | . . 2 . Classes Destroyed 12 | 2 4 4 2 Worker 10 | . 1 6 3 Builder 5 | . . 5 . Tunneler 3 | 2 . 1 . Hauler 8 | . 1 5 2 Recycler 12 | 1 . 7 4 Operator 4 | . . 2 2 Watcher 7 | . 1 4 2 Swarmer 7 | . . . 7 Grunt 37 | . 9 17 11 Duelist 1 | . . 1 . Sentry 13 | . . 9 4 Hunter 1 | . . . 1 Best Kill Streak 19 | 2 4 6 19 Combat Bots Only 5 | . 4 5 5 Max Kills in Single Turn 1 | 1 1 1 1 Gunslinging . | . . . . Exploded . | . . . . Melee 1 | . . 1 1 Uniques/NPCs Destroyed . | . . . . Combat | -11 -10 -9 -8 -------- Run | Scr Mat Mat Mat Damage Taken 4247 | . 489 2041 1717 Core 3476 | . 405 1680 1391 Absorbed by Shields . | . . . . Redirected to Core 2592 | . 278 1233 1081 Core Remaining (%) 87 | 100 77 86 . Volleys Fired 95 | 11 72 12 . Largest 1 | 1 1 1 . Hottest 56 | 20 23 56 . Shots Fired 95 | 11 72 12 . Gun 83 | 11 72 . . Cannon 12 | . . 12 . Launcher . | . . . . Special . | . . . . Kinetic 83 | 11 72 . . Thermal . | . . . . Explosive . | . . . . Electromagnetic 12 | . . 12 . Robot Hit Streak 8 | 2 8 7 . Robot Miss Streak 4 | 3 4 1 . Penetration Max . | . . . . Secondary Targets . | . . . . Shots Hit Robots 264 | 5 47 124 88 Core Hits 123 | 4 21 56 42 Critical Hits 4 | . . 2 2 Critical Kills 2 | . . 2 . Critical Parts Destroyed 2 | . . . 2 Melee Attacks 230 | . . 131 99 Impact . | . . . . Slashing 212 | . . 131 81 Piercing 18 | . . . 18 Sneak Attacks 46 | . . 32 14 Combat Hostiles . | . . . . Follow-up Attacks 15 | . . . 15 Damage Inflicted 10410 | 71 740 5931 3668 Guns 811 | 71 740 . . Cannons 251 | . . 251 . Explosions . | . . . . Melee 9348 | . . 5680 3668 Ramming . | . . . . Kinetic 811 | 71 740 . . Thermal . | . . . . Explosive . | . . . . Electromagnetic 251 | . . 251 . Impact . | . . . . Slashing 8885 | . . 5680 3205 Piercing 463 | . . . 463 Highest Corruption . | . . . . Average Corruption . | . . . . Corruption Purged . | . . . . Overload Shots . | . . . . Overflow Damage 1327 | . . 812 515 Projectiles 30 | . . 30 . Explosions . | . . . . Melee 1297 | . . 782 515 Knockbacks . | . . . . Impact . | . . . . Kinetic . | . . . . Secondary . | . . . . Self-Inflicted Damage . | . . . . Shots . | . . . . Rammed . | . . . . Targets Rammed . | . . . . Kicked . | . . . . Crushed . | . . . . Highest Temperature 134 | . . 134 . Average Temperature 66 | . . 66 . Received Heat Transfer 1566 | . 279 846 441 Siege Activations . | . . . . Robots Corrupted 1 | . . 1 . Combat Hostiles 1 | . . 1 . Parts Fried 3 | . . 3 . Impact Corruptions . | . . . . Robots Melted . | . . . . Combat Hostiles . | . . . . Parts Melted 1 | . . 1 . Heat Transferred . | . . . . Parts Sabotaged . | . . . . Parts Stolen . | . . . . Parts Stripped . | . . . . Power Chain Reactions . | . . . . Missiles Intercepted . | . . . . Alert | -11 -10 -9 -8 ------- Run | Scr Mat Mat Mat Peak Influence 740 | 15 226 576 740 Average Influence 293 | 7 67 365 409 Maximum Alert Level 3 | . 1 2 3 Low Security (%) 32 | 100 95 13 . Level 1 35 | . 4 43 56 Level 2 31 | . . 43 42 Level 3 . | . . . 1 Level 4 . | . . . . Level 5 . | . . . . High Security . | . . . . Max Security . | . . . . Squads Dispatched 10 | . 3 3 4 Investigation 2 | . . 2 . Extermination . | . . . . Reinforcement 8 | . 3 1 4 Assault . | . . . . Garrison . | . . . . Intercept . | . . . . Construction Impeded . | . . . . Haulers Reinforced . | . . . . Stealth | -11 -10 -9 -8 --------- Run | Scr Mat Mat Mat Distress Signals 8 | . 3 3 2 Communications Jammed . | . . . . Distress Signals . | . . . . Times Spotted 109 | . 24 45 40 Peak Tracking Total 11 | . 3 8 11 Tactical Retreats 7 | . 1 4 2 Traps | -11 -10 -9 -8 ------- Run | Scr Mat Mat Mat Traps Triggered 4 | . . 3 1 Indirectly . | . . . . Trap Hack Attempts . | . . . . Triggered . | . . . . Disarmed . | . . . . Reprogrammed . | . . . . Reused . | . . . . Traps Extracted . | . . . . Installed . | . . . . Triggered . | . . . . Machines | -11 -10 -9 -8 ---------- Run | Scr Mat Mat Mat Machines Disabled . | . . . . Max in Single Turn . | . . . . Machines Sabotaged . | . . . . Garrisons Compromised . | . . . . Overloaded Fab Kills . | . . . . Fab Network Shutdowns . | . . . . Hacking | -11 -10 -9 -8 --------- Run | Scr Mat Mat Mat Machines Accessed 1 | . . 1 . Terminals . | . . . . Fabricators . | . . . . Repair Stations . | . . . . Recycling Units 1 | . . 1 . Scanalyzers . | . . . . Garrison Access . | . . . . Total Hacks 2 | . . 2 . Successful 2 | . . 2 . Failed . | . . . . Catastrophic . | . . . . Database Lockouts . | . . . . Manual . | . . . . Terminals . | . . . . Fabricators . | . . . . Repair Stations . | . . . . Recycling Units 2 | . . 2 . Scanalyzers . | . . . . Garrison Access . | . . . . Terminal Hacks . | . . . . Fabricator Hacks . | . . . . Repair Station Hacks . | . . . . Recycling Unit Hacks 2 | . . 2 . Report Inventory 1 | . . 1 . Retrieve Components 1 | . . 1 . Scanalyzer . | . . . . Garrison Access Hacks . | . . . . Unauthorized Hacks . | . . . . Terminals . | . . . . Fabricators . | . . . . Repair Stations . | . . . . Recycling Units . | . . . . Scanalyzers . | . . . . Garrison Access . | . . . . Data Cores Recovered 1 | . . 1 . Used . | . . . . Hacking Detections 1 | . . 1 . Full Trace Events . | . . . . Feedback Events . | . . . . Feedback Blocked . | . . . . Robot Schematics Acquired . | . . . . Robots Built . | . . . . Matter . | . . . . Time . | . . . . Total Robot Build Rating . | . . . . Part Schematics Acquired . | . . . . Parts Built . | . . . . Matter . | . . . . Time . | . . . . Total Part Build Rating . | . . . . Parts Repaired . | . . . . Time . | . . . . Parts Recycled . | . . . . Recycled Matter . | . . . . Retrieved Matter . | . . . . Retrieved Components 9 | . . 9 . Parts Scanalyzed . | . . . . Part Schematics Acquired . | . . . . Parts Damaged . | . . . . Bothacking | -11 -10 -9 -8 ------------ Run | Scr Mat Mat Mat Used RIF Installer . | . . . . Robots Hacked . | . . . . Non-combat . | . . . . Combat . | . . . . Robot Hacks Applied . | . . . . Relay Couplers Released . | . . . . Robots Rewired . | . . . . Allies Hacked . | . . . . Hacks Repelled . | . . . . Allies | -11 -10 -9 -8 -------- Run | Scr Mat Mat Mat Total Allies . | . . . . Largest Group . | . . . . Highest-Rated Group . | . . . . Highest-Rated Ally . | . . . . Total Orders . | . . . . Ally Attacks . | . . . . Total Damage . | . . . . Kills . | . . . . Allies Corrupted . | . . . . Allies Melted . | . . . . Intel | -11 -10 -9 -8 ------- Run | Scr Mat Mat Mat Robot Analysis Total . | . . . . Derelict Logs Recovered . | . . . . Drone Launches . | . . . . Drone Recoveries . | . . . . Exploration | -11 -10 -9 -8 ------------- Run | Scr Mat Mat Mat Turns Passed 3588 | 94 853 1967 674 Spaces Moved 2601 | 63 691 1373 474 Core 1 | 1 . . . Treads . | . . . . Legs . | . . . . Wheels 1231 | 62 691 478 . Hover . | . . . . Flight 1369 | . . 895 474 Fastest Speed 37 | 50 100 40 37 Average Speed 98 | 99 100 103 81 Slowest Speed 117 | 100 100 110 117 Overloaded Moves . | . . . . Propulsion Burnouts . | . . . . Robots Hopped . | . . . . Cave-ins Triggered . | . . . . Exploration Rate (%) 59 | 4 98 95 40 Regions Visited 3 Branch Regions . Pre-discovered Areas . | . . . . Known Exits Taken . | . . . . Unknown Exits Taken 3 | 1 1 1 . Scrap Searched . | . . . . Spaces Dug . | . . . . Terrain Destroyed . | . . . . Melee . | . . . . Projectile . | . . . . AOE . | . . . . Actions | -11 -10 -9 -8 --------- Run | Scr Mat Mat Mat Total 3214 | 80 782 1714 638 Wait 116 | . 3 76 37 Move 2598 | 62 690 1372 474 Hop . | . . . . Pick Up . | . . . . Fast Attach 24 | 7 1 13 3 Attach . | . . . . Detach . | . . . . Swap 13 | . 1 8 4 Drop 22 | . 2 15 5 Fire 95 | 11 72 12 . Melee 212 | . . 131 81 Ram . | . . . . Kick . | . . . . Crush . | . . . . Escape Stasis . | . . . . Rewire . | . . . . Trap . | . . . . Miscellaneous 134 | . 13 87 34 Route ------- -11/Scrapyard -10/Materials (discovered 3 exits: *Mat x2 / [*Min]) -9/Materials (discovered 4 exits: [*Mat x3] / [*Min]) -8/Materials History --------- Turn | Location | Event 1 | -11/Scrapyard | Upgraded with Propulsion slot (x1) 1 | -11/Scrapyard | Upgraded with Utility slot (x2) 16 | -11/Scrapyard | Discovered new exit (range 16) 95 | -11/Scrapyard | Entered Materials 323 | -10/Materials | Build established: Mutant 413 | -10/Materials | Discovered new exit (range 14) 428 | -10/Materials | Core integrity fell below 50% 634 | -10/Materials | Discovered new exit (range 11) 695 | -10/Materials | Discovered new exit (range 7) 948 | -10/Materials | Entered another Materials area 950 | -9/Materials | Reached level 2 952 | -9/Materials | Upgraded with Utility slot (x1) 1067 | -9/Materials | Reached level 3 1080 | -9/Materials | Core integrity fell below 50% 1241 | -9/Materials | Discovered new exit (range 10) 1371 | -9/Materials | Reached level 4 1549 | -9/Materials | Upgraded with Power slot (x1) 1549 | -9/Materials | Upgraded with Utility slot (x1) 1582 | -9/Materials | Build established: Scavenger-Mutant 1782 | -9/Materials | Discovered new exit (range 7) 1900 | -9/Materials | Build established: Scavenger-Assassin 1997 | -9/Materials | Discovered new exit (range 15) 2145 | -9/Materials | Reached level 5 2218 | -9/Materials | Discovered new exit (range 10) 2915 | -9/Materials | Entered another Materials area 2917 | -8/Materials | Reached level 6 2921 | -8/Materials | Upgraded with Utility slot (x1) 2921 | -8/Materials | Upgraded with Weapon slot (x1) 3181 | -8/Materials | Core integrity fell below 50% 3226 | -8/Materials | Reached level 7 3547 | -8/Materials | Reached level 8 3576 | -8/Materials | Core integrity fell below 20% 3589 | -8/Materials | Destroyed by G-47 Trooper with Particle Gun Last Messages --------------- 03555_ Destroyed Flight Unit. 03556_ K-01 Serf collects debris. 03561_ K-01 Serf cleans the Material Processor. 03562_ Destroyed Flight Unit. 03565_ K-01 Serf collects debris. 03565_ Sneak attack on K-01 Serf. 03565_ Destroyed Wheel. 03565_ Destroyed Med. Matter Pod. 03565_ Destroyed Lgt. Ion Engine. 03565_ Flight Unit destroyed. 03567_ Critical hit. 03567_ Sneak attack on K-01 Serf. 03567_ K-01 Serf destroyed. 03569_ G-47 Trooper destroyed. 03570_ S-10 Pest destroyed. 03575_ Y-45 Defender destroyed. 03582_ G-50 Soldier destroyed. 03582_ Spear follow-up attack on G-47 Trooper. 03585_ G-47 Trooper destroyed. 03586_ K-01 Serf collects debris. Map ----- +----------------------------------------------------+ | * """ + + ####?## ????????????????????????? | | R" # # ? ##??##??????????????????????????? | | """ # # ?####?#??? ????????????????????????? | | # #####?#?#?#????????????????????????????? | | #+##### #?? ?#???????????????????????????????? | | # ##### # ?? ????????????????????????????????? | | # ##### # ?? ??##??#???????????????????????????? | | # ##### +???? ?##?????????????????????????????? | | # ?? ?????????????????????????????????? | | # ?? ###??? ?# ???????????????????? | | ? ####?###??###? ?# ? ? ??????????????? | | ####### ###?###?#??## # # ?#????????????? | | ####### #########?#### ## / ???????????? | | # # ?? ###### ## ? ??????????? | | ? + / T ? ###### ## # ? ?? ????????? | | # # ? ###### #######+#+####????????? | | # ##?######?#### ###### ?#?#??????? | | ####### ##??########## ###### """"" #????????? | | ###### ###?######?## ###### """"" ###??????? | | " ############ ##### """"" ###?"????? | | "T ?############ ####? ? ##???????? | | ? ? ? ########+###?## ?????? | | #### #########?## g=! ? + ?????? | | ######+####### ##=%k% ####### ## ? ???? | | ## [### ####g######### ##+#????? | | ## ### # !@=%%*##### ##???? | | ## ###"" # [%=*=[%;= #????? | | ?+ """ """ ###"T # ="""s=g##### #????? | | ## """ """ ###"" # """""%%###### #????? | | ## """ """ ### + """""=[###### ?????? | | ## """ ######### """"" ####?# ????? | | ## ######### """ ###### ??????? | | #######+############[ ###### ? ????? | | ! ## ########## ###### #?#?????? | | ## == ##############+######### #?#?????? | | ## == ##############?######### ??##??????? | | [# =* ############## ######### ???#????? | | # ############## ### # ????????? | | + ############## ### """ # ?????????? | | # ############ # """ # ??????????? | | # ############ # """ # ??????????? | | ## ######%! + """ #???? #???????? | | ################%#####! # """ #?????????????? | | ################ ##### # #?? ??????????? | | ################=#######+######### ?? ?????????? | | #########!###[= ? ##### ???##?#????? | | **!%=%%+%!* + ? ?????????? | | % #######/#####!! ####??? ????????? | | #######+##### ? ### """ #####?????????????? | | ### !%* # "" ### """ "" ###?#? ?? ????????? | +----------------------------------------------------+ Best States ------------- Heat Dissipation 52 Energy Generation 23 Energy Capacity 460 Matter Stores 300 Matter Capacity 300 Sight Range 16 Robot Scan Range 25 Terrain Scan Range 16 Terrain Scan Density 485 Armor Coverage 375 Evasion (%) 62 Item Schematics ----------------- None Robot Schematics ------------------ None Fabricated ------------ Nothing Alien Tech Used ----------------- None Achievements -------------- None Challenges ------------ None RPGLIKE | -11 -10 -9 -8 --------- Run | Scr Mat Mat Mat Levels Raised 7 | . . 4 3 XP Earned 14131 | 3000 1170 5394 4567 XP Spent 12000 | 3000 . 4470 4530 Upgrades 32 | 8 . 12 12 Power Slot 1 | . . 1 . Propulsion Slot 1 | 1 . . . Utility Slot 5 | 2 . 2 1 Weapon Slot 1 | . . . 1 Core Integrity 3 | . . 1 2 Mass Support 6 | 2 . 2 2 Sensor Range 6 | . . 3 3 Terrain Scan Density 4 | . . 2 2 Ranged Accuracy 1 | 1 . . . Melee Accuracy 4 | 2 . 1 1 Protomatter Created 1070 | . 114 671 285 Integrity Restored 2858 | . 283 1849 726 Core 2721 | . 267 1728 726 Parts 137 | . 16 121 . Protomatter Decayed 66 | . 19 47 . Game ------ Seed GhostUtilityTerrabomb Manual? 0 Play Time 00:44:30 Cumulative 74.0 hours Start 2019.12.20 @ 15:36:14 End 2019.12.20 @ 16:24:13 Sessions 1 Manual Loads 0 Difficulty Rogue Special Mode Winter2019/RPGLIKE Game No. 121 Rogue 121 Adventurer 0 Explorer 0 Win Type - Total 0 Types 0/0/0/0/0/0/0 Lore% 22 Gallery% 27 Achievement% 26 Wizard Run 0 Options --------- ASCII 0 Keyboard 0 Movement Mouse Keybinds 0 Fullscreen 1 Font 18/SmallcapsGlow Map View 76x50 Tactical HUD 1 Map Filters NONE Filters LOW_CONTRAST(13,24,33)|BRIGHTNESS(120)|SATURATION(80) Steam 1 RUN: d35f25a3-b6ef-4150-8969-ddd291b11cfb